 Dungeon Crawl Stone Soup version 0.25.0-26-g0c896c7088 (webtiles) character file.

Game seed: 17095696231382406515

497 protoss039 the Magician (level 6, 0/32 HPs)
             Began as a Deep Elf Air Elementalist on July 3, 2020.
             Shot with an arrow by a centaur (7 damage)
             ... on level 6 of the Dungeon.
             The game lasted 00:11:44 (4980 turns).

protoss039 the Magician (Deep Elf Air Elementalist) Turns: 4980, Time: 00:11:44

Health: 0/32       AC:  2    Str:  5    XL:     6   Next: 93%
Magic:  1/17       EV: 13    Int: 22    God:
Gold:   329        SH:  0    Dex: 15    Spells: 1/18 levels left

rFire    . . .     SeeInvis .   j - +0 short sword
rCold    . . .     Gourm    .   (no shield)
rNeg     . . .     Faith    .   a - +0 robe
rPois    .         Spirit   .   (no helmet)
rElec    .         Reflect  .   (no cloak)
rCorr    .         Harm     .   (no gloves)
MR       .....                  (no boots)
Stlth    ++........             (no amulet)
HPRegen  0.10/turn              (no ring)
MPRegen  0.15/turn              (no ring)

@: no status effects
A: no striking features
a: no special abilities


You were on level 6 of the Dungeon.
You were hungry.

You visited 1 branch of the dungeon, and saw 6 of its levels.

You collected 329 gold pieces.

Inventory:

Hand Weapons
 j - a +0 short sword (weapon)
Armour
 a - a +0 robe (worn)
Jewellery
 i - a cursed ring of teleportation {unknown}
Wands
 p - a wand of enslavement (7)
 q - a wand of random effects (20)
Scrolls
 b - 5 scrolls of remove curse {unknown}
 e - 7 scrolls of identify {unknown}
 g - 2 scrolls of amnesia {unknown}
 l - 2 scrolls of enchant armour {unknown}
 m - 3 scrolls of magic mapping {unknown}
 n - 2 scrolls of blinking {unknown}
 r - 5 scrolls of teleportation {unknown}
Potions
 d - 2 potions of invisibility {unknown}
 f - 2 potions of stabbing {unknown}
 h - 2 potions of might {unknown}
 k - a potion of cancellation {unknown}
 o - a potion of curing {unknown}
 t - a potion of haste {unknown}
Comestibles
 c - 14 rations


   Skills:
 + Level 0.1 Short Blades
 - Level 2.4 Dodging
 - Level 2.4 Stealth
 + Level 6.5 Spellcasting
 + Level 4.0 Conjurations
 + Level 5.3 Air Magic


You had one spell level left.
You knew the following spells:

 Your Spells              Type           Power        Failure   Level  Hunger
a - Shock                 Conj/Air       ####         1%          1    None
b - Swiftness             Chrm/Air       ###.....     4%          2    None
c - Static Discharge      Conj/Air       ####....     3%          3    #......
d - Airstrike             Air            ####......   10%         4    ###....
e - Lightning Bolt        Conj/Air       ####......   34%         5    #####..
f - Slow                  Hex            #.......     13%         2    None

Your spell library contained the following spells:

 Spells                   Type           Power        Failure   Level  Hunger
 Magic Dart               Conj           ###.         1%          1    None
 Corona                   Hex            #......      9%          1    None
 Mephitic Cloud           Conj/Pois/Air  ###.....     7%          3    #......
 Conjure Flame            Conj/Fire      ###.....     12%         3    #......
 Dazzling Flash           Conj/Hex       ###...       12%         3    #......
 Blink                    Tloc           N/A          13%         2    None
 Call Imp                 Summ           #.......     13%         2    None
 Ensorcelled Hibernation  Hex/Ice        #.....       13%         2    None
 Confusing Touch          Hex            #.......     26%         3    #......
 Tukima's Dance           Hex            #.......     26%         3    #......


Dungeon Overview and Level Annotations

Branches:
Dungeon (6/15)             Temple (0/1) D:6

Altars:
Dithmenos
Sif Muna
Trog
Wu Jian
The Shining One


Message History

Unknown command.
You start resting.
Something hits the plant but does no damage.
You start resting.
The centaur wields a +0 shortbow.
The centaur shoots an arrow.
The arrow hits you!
* * * LOW HITPOINT WARNING * * *
Unknown command.
Unknown command.
Unknown command.
Casting: Slow (safe; 13% risk of failure)
Confirm with . or Enter, or press ? or * to list all spells.
Aiming: Shock (safe; 1% risk of failure)
Press: ? - help, Shift-Dir - straight line, f/p - centaur
Aim: a centaur, wielding a +0 shortbow and quivering 20 arrows The zap hits the centaur.
The centaur is lightly wounded.
The zap hits the plant but does no damage.
The centaur shoots an arrow.
The arrow hits you!
You die...

. ....
#+#####......
+.....#...$...
#.....#.......
#....P..PP..#
#.(@..PPP.P.#
..####'#PP.PPPP#
........c.P.>.PP#
..........PP.PP.###
.........P.PPP.P..#
##+##........P....#
#..........#..
#######....# #....#
..


You could see a centaur.

Vanquished Creatures
  An oklob sapling (D:6)
  A crimson imp (D:5)
  2 centaur zombies (D:5)
  An orc priest (D:3)
  A hound (D:4)
  An iguana (D:5)
  3 orc wizards
  2 worker ants (D:4)
  A hound zombie (D:5)
  A howler monkey zombie (D:6)
  3 adders
  3 oozes (D:1)
  An adder zombie (D:5)
  13 orcs
  4 bats
  9 giant cockroaches
  4 goblins
  8 hobgoblins
  2 jackals (D:4)
  5 kobolds
  2 ball pythons
  4 frilled lizards
  A giant cockroach zombie (D:5)
  4 rats
77 creatures vanquished.

Notes
Turn   | Place    | Note
-------+----------+-------------------------------------------
     0 | D:1      | protoss039 the Deep Elf Air Elementalist began the quest
                  | for the Orb.
     0 | D:1      | Reached XP level 1. HP: 10/10 MP: 6/6
   355 | D:1      | Reached XP level 2. HP: 15/15 MP: 0/8
   834 | D:1      | Reached XP level 3. HP: 17/19 MP: 6/10
  1164 | D:2      | Learned a level 2 spell: Swiftness
  1168 | D:2      | Learned a level 3 spell: Static Discharge
  2147 | D:3      | Reached skill level 4 in Spellcasting
  2154 | D:3      | Reached XP level 4. HP: 24/24 MP: 2/12
  2515 | D:3      | Reached XP level 5. HP: 28/28 MP: 12/14
  2649 | D:3      | Found a shimmering blue altar of Sif Muna.
  2815 | D:4      | Reached skill level 5 in Spellcasting
  2830 | D:4      | Learned a level 4 spell: Airstrike
  3109 | D:4      | Reached XP level 6. HP: 25/32 MP: 6/16
  3464 | D:4      | Found a bloodstained altar of Trog.
  3749 | D:4      | Learned a level 5 spell: Lightning Bolt
  3750 | D:5      | Entered Level 5 of the Dungeon
  3761 | D:5      | Reached skill level 5 in Air Magic
  3927 | D:5      | Reached skill level 6 in Spellcasting
  4517 | D:5      | Found an ornate altar of the Wu Jian Council.
  4597 | D:5      | Found a shadowy altar of Dithmenos.
  4674 | D:5      | Found a glowing golden altar of the Shining One.
  4737 | D:5      | Learned a level 2 spell: Slow
  4807 | D:6      | Found a staircase to the Ecumenical Temple.
  4980 | D:6      | Shot with an arrow by a centaur

Illustrated notes

Levels and vault maps discovered:
D:1:      ncdulo_wetmaze, layout_loops_ring, minmay_worlds_worst_comb
D:2:      layout_loops_ring
D:3:      wander_river, layout_rooms, led_sif_pool
D:4:      layout_loops_ring, kennysheep_mini_moat, first_ration
D:5:      layout_basic, nicolae_overflow_hidden_temple, kennysheep_mini,
          tso_oasis_becter, minmay_fountain_box
D:6:      layout_gridville, minmay_temple_entry_oklob, serial_shops,
          nicolae_shop_overgrown_old_shop, columned_hall_lemuel, uniq_pikel

Skill      XL: |  1  2  3  4  5  6 |
---------------+-------------------+-----
Air Magic      | 4 5 |  5.3
Spellcasting   | 4 5 6 |  6.5
Conjurations   | 2 3 4 |  4.0
Short Blades   | |  0.1
Dodging        | |  2.4
Stealth        | |  2.4

Action                   |  1- 3 |  4- 6 || total
-------------------------+-------+-------++-------
Melee: Short sword       |     3 |     7 ||    10
       Unarmed           |     1 |       ||     1
 Cast: Shock             |    74 |    93 ||   167
       Airstrike         |       |    11 ||    11
       Static Discharge  |       |    10 ||    10
       Slow              |       |     2 ||     2
  Eat: Chunk             |     4 |     9 ||    13
Armor: Robe              |     5 |     4 ||     9
Dodge: Dodged            |    19 |    16 ||    35
